 Dungeon Crawl Stone Soup version 0.27-a0-1347-gd8886f0a89 (webtiles) character file.

Game seed: 10857886761967532289

12 Rohain the Grasshopper (level 2, 0/26 HPs)
             Began as a Gnoll Warper on June 27, 2021.
             Slain by a quokka (4 damage)
             ... on level 3 of the Dungeon.
             The game lasted 00:01:08 (241 turns).

Rohain the Grasshopper (Gnoll Warper)                Turns: 241, Time: 00:01:09

Health: 0/26       AC:  3    Str: 10    XL:     2   Next: 33%
Magic:  7/7        EV: 16    Int: 12    God:
Gold:   0          SH:  0    Dex: 11    Spells: 10/10 levels left

rFire    . . .     SeeInvis .   a - +0 spear
rCold    . . .     Faith    .   (no shield)
rNeg     . . .     Spirit   .   b - +0 leather armour
rPois    .         Reflect  .   (no helmet)
rElec    .         Harm     .   (no cloak)
rCorr    .         Rampage  .   (no gloves)
Will     .....                  (no boots)
Stlth    +.........             (no amulet)
HPRegen  0.08/turn              f - +4 ring of evasion
MPRegen  0.10/turn              (no ring)

@: no status effects
A: fangs 1, strong nose, distributed training
a: no special abilities


You were on level 3 of the Dungeon.
You visited 1 branch of the dungeon, and saw 3 of its levels.

Inventory:

Hand Weapons
 a - a +0 spear (weapon)
Missiles
 d - 5 boomerangs of dispersal (quivered)
Armour
 b - a +0 leather armour (worn)
Jewellery
 f - a +4 ring of evasion (left hand)
Scrolls
 c - a scroll of blinking
Potions
 e - a potion of attraction {unknown}


   Skills:
 + Level 4.4 Fighting
 + Level 0.3 Short Blades
 + Level 0.3 Long Blades
 + Level 0.3 Axes
 + Level 0.3 Maces & Flails
 + Level 4.4 Polearms
 + Level 0.3 Staves
 + Level 0.3 Slings
 + Level 0.3 Bows
 + Level 0.3 Crossbows
 + Level 2.4 Throwing
 + Level 2.4 Armour
 + Level 4.4 Dodging
 + Level 0.3 Stealth
 + Level 0.3 Shields
 + Level 0.3 Unarmed Combat
 + Level 4.9 Spellcasting
 + Level 0.2 Conjurations
 + Level 0.2 Hexes
 + Level 0.2 Summonings
 + Level 0.2 Necromancy
 + Level 5.3 Translocations
 + Level 0.2 Transmutations
 + Level 0.2 Fire Magic
 + Level 0.2 Ice Magic
 + Level 0.2 Air Magic
 + Level 0.2 Earth Magic
 + Level 0.2 Poison Magic
 + Level 0.4 Invocations
 + Level 0.3 Evocations


You had 10 spell levels left.
You didn't know any spells.
Your spell library contained the following spells:

 Spells                   Type           Power      Damage    Failure   Level
 Blink                    Tloc           N/A        N/A       4%          2
 Gell's Gravitas          Tloc           7%         N/A       9%          3
 Lesser Beckoning         Tloc           7%         N/A       9%          3
 Teleport Other           Tloc           15%        N/A       9%          3
 Manifold Assault         Tloc           15%        N/A       63%         5


Dungeon Overview and Level Annotations

Branches:
Dungeon (3/15)

Altars:


Innate Abilities, Weirdness & Mutations

You have very sharp teeth.
Your uncanny sense of smell can sniff out nearby items.
Your experience applies equally to all skills.


Message History

An adder, 3 rats and a quokka come into view.
The adder hisses angrily.
Found a robe.
Found a stone staircase leading up.
There is a stone staircase leading up here.
The rat barely misses you. The giant cockroach bites you.
* * * LOW HITPOINT WARNING * * *
A gnoll comes into view. It is wielding a +0 spear.
A gnoll comes into view. It is wielding a +0 halberd.
The gnoll shouts!
A gnoll comes into view. It is wielding a +0 spear.
The gnoll shouts! x2
The rat closely misses you. The giant cockroach closely misses you.
The quokka barely misses you. The rat barely misses you.
The quokka closely misses you. The rat barely misses you.
The quokka closely misses you.
The quokka twitches its whiskers.
The rat barely misses you. The adder barely misses you.
Really walk into that dispersal trap? [Y]es or [N]o only, please.
Really walk into that dispersal trap?
You enter a dispersal trap!
The adder blinks!
The rat blinks!
The quokka blinks!
The rat blinks!
The giant cockroach blinks!
The rat blinks! x2
The adder blinks!
You blink.
A gnoll comes into view. It is wielding a +0 whip.
Found an iron wand.
Found a stone staircase leading down.
The gnoll shouts!
The quokka bites you but does no damage.
There is a stone staircase leading down here.
The gnoll misses you. The quokka misses you.
You climb downwards.
There is a stone staircase leading up here.
You closely miss the quokka. The quokka closely misses you.
You barely miss the quokka. The quokka bites you.
* * * LOW HITPOINT WARNING * * *
You closely miss the quokka. The quokka misses you.
You closely miss the quokka. The quokka barely misses you.
The quokka bites you.
You die...

≈≈.######
........#
#@# #r#
#.....g#
########


You could see a gnoll and a quokka.

Vanquished Creatures
  An endoplasm (D:1)
  A giant cockroach (D:1)
  3 hobgoblins (D:1)
  A quokka (D:1)
  3 ball pythons (D:1)
  A rat (D:1)
10 creatures vanquished.

Notes
Turn   | Place    | Note
-------+----------+-------------------------------------------
     0 | D:1      | Rohain the Gnoll Warper began the quest for the Orb.
     0 | D:1      | Reached XP level 1. HP: 20/20 MP: 6/6
    91 | D:1      | Reached XP level 2. HP: 5/26 MP: 7/7
   241 | D:3      | Slain by a quokka

Illustrated notes

Levels and vault maps discovered:
D:1:      ebering_trefoil_twist, layout_rooms,
          hellmonk_ecumenical_altar_arch_garden, minivault_14,
          corexii_item_surrounded_by_moat, st_stairs_7, minmay_tromino_v4_a
D:2:      layout_rooms
D:3:      gammafunk_wand_slinger, layout_loops_cross, ebering_ghost_sewer_f,
          chequers_big_river, minmay_pentangle

Action                   || total
-------------------------++-------
Melee: Spear             ||    49
       Bite              ||     2
Armor: Leather armour    ||    13
Dodge: Dodged            ||    48

Table legend: (Time is in decaauts)
 A = Elapsed time spent in this place.
 B = Non-inter-level travel time spent in this place.
 C = Inter-level travel time spent in this place.
 D = Time resting spent in this place.
 E = Time spent auto-exploring this place.
 F = Levels seen in this place.
 G = Mean time per level.
                   A        B        C        D        E       F      G
               +--------+--------+--------+--------+--------+-----+--------+
         Total |    234 |    234 |      0 |      0 |     30 |   3 |   78.0 |
       Dungeon |    234 |    234 |      0 |      0 |     30 |   3 |   78.0 |
               +--------+--------+--------+--------+--------+-----+--------+

Top non-repeatable levels by time:
     D:1: 207 daAuts
     D:2: 21 daAuts
     D:3: 4 daAuts
